 Dungeon Crawl Stone Soup version 0.30-a0-782-ge64f9170bb (webtiles) character file.

Game seed: 13781031920475537630

5444 Ijustatesigmund the Thaumaturge (level 10, -2/56 HPs)
             Began as a Deep Elf Conjurer on Feb 28, 2023.
             Was a Believer of Vehumet.
             Slain by a sixfirhy (13 damage)
             ... summoned by a kobold demonologist
             ... on level 9 of the Dungeon.
             The game lasted 00:28:01 (12404 turns).

Ijustatesigmund the Thaumaturge (DECj)             Turns: 12404, Time: 00:28:02

Health: -2/56      AC:  1    Str:  4    XL:     10   Next: 41%
Magic:  29/35      EV: 14    Int: 34    God:    Vehumet [**....]
Gold:   17         SH:  0    Dex: 13    Spells: 16/29 levels left

rFire   . . .      SeeInvis .    J - +2 hand crossbow (freeze)
rCold   . . .      Faith    .    (no shield)
rNeg    . . .      Spirit   .    a - +0 robe
rPois   .          Reflect  .    (no helmet)
rElec   .          Harm     .    s - +2 cloak
rCorr   .          Rampage  .    (no gloves)
Will    ++...                    (no boots)
Stlth   ++                       (no amulet)
HPRegen 0.29/turn                v - ring of magical power
MPRegen 0.24/turn                m - +6 ring of intelligence

@: corroded
A: strong-willed 1
a: Renounce Religion


You were on level 9 of the Dungeon.
You worshipped Vehumet.
Vehumet was pleased with you.
You visited 2 branches of the dungeon, and saw 10 of its levels.
You also visited: Ossuary.

You collected 537 gold pieces.
You spent 520 gold pieces at shops.

Inventory:

Hand Weapons
 b - a +2 flail of holy wrath
 f - a +1 short sword of protection
 w - the +3 dagger of Makhleb {flame, rPois rN+ Str+3 Stlth-}
   (You found it on level 5 of the Dungeon)

   Str:       It affects your strength (+3).
   rPois:     It protects you from poison.
   rN:        It protects you from negative energy.
   Stlth:     It makes you less stealthy.
 J - a +2 hand crossbow of freezing (weapon)
Missiles
 k - 2 throwing nets
Armour
 a - a +0 robe (worn)
 s - a +2 cloak (worn)
Jewellery
 c - a ring of willpower
 m - a +6 ring of intelligence (right hand)
 p - a +6 ring of intelligence
 v - a ring of magical power (left hand)
Wands
 t - a wand of roots (12)
 B - a wand of flame (8)
 D - a wand of paralysis (5)
 K - a wand of polymorph (8)
Scrolls
 n - 7 scrolls of teleportation
 q - 6 scrolls of blinking
 r - 4 scrolls of identify
 u - a scroll of magic mapping
 y - 2 scrolls of fear
 A - a scroll of poison
 C - a scroll of vulnerability
 E - 2 scrolls of enchant weapon
 G - 2 scrolls of silence
 H - a scroll of amnesia
 I - 2 scrolls of immolation {unknown}
Potions
 d - a potion of ambrosia
 e - 2 potions of attraction
 g - 4 potions of curing
 h - a potion of cancellation
 i - a potion of brilliance
 j - a potion of haste
 l - 3 potions of resistance
 o - a potion of magic
 x - 2 potions of mutation
 z - 2 potions of lignification
 F - a potion of heal wounds


   Skills:
 - Level 3.2 Fighting
 + Level 4.1 Ranged Weapons
 - Level 5.2 Dodging
 - Level 2.4 Stealth
 - Level 10.3 Spellcasting
 - Level 9.4 Conjurations
 - Level 3.6 Necromancy
 - Level 7.8 Translocations
 - Level 3.0 Air Magic
 - Level 3.3 Poison Magic


You had 16 spell levels left.
You knew the following spells:

 Your Spells              Type           Power      Damage    Failure   Level
a - Magic Dart            Conj           100%       1d8       1%          1
b - Searing Ray           Conj           100%       2d8       1%          2
c - Poisonous Vapours     Pois/Air       78%        N/A       1%          2
d - Iskenderun's Mystic   Conj/Tloc      66%        2d14      1%          4
e - Blink                 Tloc           100%       N/A       1%          2
f - Cigotuvi's Dreadful   Necr/Pois/Air  80%        N/A       1%          2

Your spell library contained the following spells:

 Spells                   Type           Power      Damage    Failure   Level
 Hailstorm                Conj/Ice       49%        3d11      1%          3
 Lesser Beckoning         Tloc           100%       N/A       1%          2
 Momentum Strike          Conj/Tloc      100%       3d10      1%          2
 Dazzling Flash           Conj/Hex       98%        N/A       1%          3
 Mephitic Cloud           Conj/Pois/Air  52%        N/A       1%          3
 Beastly Appendage        Tmut           34%        N/A       2%          1
 Summon Small Mammal      Summ           68%        N/A       2%          1
 Spider Form              Tmut/Pois      28%        N/A       3%          3
 Fulminant Prism          Conj/Hex       24%        3d12      3%          4
 Wereblood                Tmut           17%        N/A       4%          2
 Animate Dead             Necr           42%        N/A       5%          4
 Call Canine Familiar     Summ           17%        N/A       8%          3
 Summon Guardian Golem    Hex/Summ       17%        N/A       8%          3
 Haunt                    Necr/Summ      15%        N/A       100%        7
 Infestation              Necr           21%        N/A       100%        8


Dungeon Overview and Level Annotations

Branches:
Dungeon (9/15)             Temple (1/1) D:5         Ossuary (visited)
   Lair: D:8-11         Orc: D:9-12

Altars:
Ashenzari
Cheibriados
Dithmenos
Elyvilon
Fedhas
Gozag
Hepliaklqana
Kikubaaqudgha
Makhleb
Nemelex Xobeh
Okawaru
Qazlal
Ru
Vehumet
Wu Jian
Xom
Yredelemnul
Zin

Shops:
D:4 *   D:7 ?   D:8 :(!


Innate Abilities, Weirdness & Mutations

You are strong-willed. (Will+)


Message History

You shoot a bolt. The kobold brigand shouts!
The bolt hits the kobold demonologist!!
The bolt freezes the kobold demonologist.
The kobold demonologist is severely wounded.
A kobold comes into view.
It is wielding a +0 short sword of venom.
Casting: Poisonous Vapours (safe; 1% risk of failure)
Confirm with . or Enter, or press ? or * to list all spells.
Aiming: Poisonous Vapours (safe; 1% risk of failure)
Press: ? - help, Dir - move target, f/p - kobold demonologist
Aim: a kobold demonologist, wielding a +0 dagger and wearing a +0 robe (heavily wounded, very poisoned) Poisonous vapours surround the kobold demonologist!
The kobold demonologist looks as sick as possible!
The kobold shouts!
The kobold demonologist mumbles some strange words.
A kobold comes into view. It is wielding a +0 whip.
You hear a shout!
Casting: Poisonous Vapours (safe; 1% risk of failure)
Confirm with . or Enter, or press ? or * to list all spells.
Aiming: Searing Ray (safe; 1% risk of failure)
Press: ? - help, Shift-Dir - straight line, f/p - kobold demonologist
Aim: a kobold demonologist, wielding a +0 dagger and wearing a +0 robe (severely wounded, extremely poisoned, 76% to hit)
The searing ray hits the kobold demonologist.
The kobold demonologist is severely wounded. (Press . to maintain the ray.)
The kobold throws a stone.
The stone misses you.
The kobold demonologist casts a spell.
The kobold throws a poisoned dart.
The poisoned dart barely misses you.
The searing ray hits the kobold demonologist.
The kobold demonologist is almost dead.
The kobold demonologist mumbles some strange words.
The sixfirhy hits you. The sixfirhy shocks you! The rust devil hits you!
The rust devil corrodes you!
The searing ray hits the sixfirhy!
The sixfirhy is moderately wounded.
The searing ray misses the kobold demonologist.
The sixfirhy misses you. The sixfirhy hits you! The sixfirhy shocks you!
* * * LOW HITPOINT WARNING * * *
The sixfirhy hits you!
You die...

...... ...... #. K.K...
#.# ###.KKK.. #.#
#..K..... #.####...5....
#......3.5....
+.....@4......
+............. #######
#.............
......#####..#'#####....
......>......#.....# ...
##...........+.....# ..
.#...........#.....# .
.#.......)...#######
.#.............


You could see a rust devil (summoned), a kobold demonologist (extremely
poisoned), a sixfirhy (summoned), a kobold brigand, a quasit (summoned), a white
imp (summoned) and 4 kobolds.

Vanquished Creatures
  Joseph (D:8)
  Grinder (D:5)
  Prince Ribbit (D:6)
  Sigmund (D:6)
  A steam dragon (D:8)
  Menkaure (D:4)
  Duvessa (D:6)
  2 water moccasins (D:8)
  2 ice beasts
  6 orc warriors
  3 sky beasts
  An ogre (D:6)
  A black bear (D:7)
  A centaur (D:7)
  2 kobold brigands
  A phantom (D:4)
  A bullfrog (D:7)
  5 necrophages
  A gnoll sergeant (D:7)
  10 scorpions
  Dowan (D:6)
  4 wights (D:8)
  6 killer bees (D:9)
  A howler monkey (D:5)
  A jelly (D:8)
  2 hounds
  3 human zombies (Ossuary)
  An orc priest (D:7)
  Crazy Yiuf (D:4)
  2 iguanas
  9 orc wizards
  4 scorpion zombies (Ossuary)
  3 mummies (Ossuary)
  6 adders
  14 gnolls
  2 white imps (D:6)
  An ufetubus (D:7)
  A dart slug (D:3)
  27 orcs
  7 ball pythons
  8 endoplasms
  3 giant cockroaches
  5 hobgoblins
  3 jackals (D:1)
  3 quokkas
  A bat (D:1)
  6 frilled lizards
  8 goblins
  A goblin zombie (Ossuary)
  2 hobgoblin zombies (Ossuary)
  23 kobolds
  3 kobold zombies (Ossuary)
  5 orc zombies (Ossuary)
  6 rats
216 creatures vanquished.

Vanquished Creatures (others)
  A plant (D:8)
1 creature vanquished.

Grand Total: 217 creatures vanquished

Notes
Turn   | Place    | Note
-------+----------+-------------------------------------------
     0 | D:1      | Ijustatesigmund the Deep Elf Conjurer began the quest for
                  | the Orb.
     0 | D:1      | Reached XP level 1. HP: 10/10 MP: 6/6
   205 | D:1      | Reached XP level 2. HP: 15/15 MP: 4/8
   208 | D:1      | Learned a level 2 spell: Searing Ray
   687 | D:1      | Reached skill level 4 in Spellcasting
   708 | D:1      | Reached skill level 5 in Conjurations
   708 | D:1      | Reached XP level 3. HP: 19/19 MP: 7/10
  1181 | D:2      | Reached XP level 4. HP: 24/24 MP: 3/12
  1396 | D:2      | Learned a level 2 spell: Poisonous Vapours
  2100 | D:3      | Reached skill level 5 in Spellcasting
  2542 | D:3      | Reached skill level 1 in Poison Magic
  2737 | D:3      | Reached skill level 1 in Air Magic
  2737 | D:3      | Reached XP level 5. HP: 28/28 MP: 10/14
  3086 | D:4      | Noticed Menkaure
  3099 | D:4      | Learned a level 4 spell: Iskenderun's Mystic Blast
  3106 | D:4      | Killed Menkaure
  3107 | D:4      | Reached skill level 1 in Translocations
  3107 | D:4      | Reached XP level 6. HP: 32/32 MP: 3/16
  3774 | D:4      | Found a burning altar of Makhleb.
  4411 | D:4      | Found Xitud's General Store.
  4414 | D:4      | Bought a potion of haste for 100 gold pieces
  4414 | D:4      | Bought a scroll of blinking for 75 gold pieces
  4629 | D:4      | Found a runed translucent door.
  4630 | D:4      | Noticed Crazy Yiuf
  4976 | D:4      | Killed Crazy Yiuf
  4977 | D:4      | Reached skill level 1 in Fighting
  4977 | D:4      | Reached XP level 7. HP: 15/38 MP: 3/17
  5124 | D:3      | Found a snail-covered altar of Cheibriados.
  5124 | D:3      | Found an ancient bone altar of Kikubaaqudgha.
  5160 | D:5      | Entered Level 5 of the Dungeon
  5267 | D:5      | Identified the +3 dagger of Makhleb {flame, rPois rN+ Str+3
                  | Stlth-}
  5561 | D:5      | Found a staircase to the Ecumenical Temple.
  5632 | Temple   | Entered the Ecumenical Temple
  5680 | Temple   | Became a worshipper of Vehumet
  5787 | D:5      | Reached skill level 6 in Spellcasting
  6036 | D:5      | Noticed Grinder
  6038 | D:5      | Paralysed by Grinder for 2 turns
  6046 | D:5      | Killed Grinder
  6047 | D:5      | Reached XP level 8. HP: 32/43 MP: 15/19
  6715 | D:6      | Reached skill level 7 in Spellcasting
  6930 | D:6      | Noticed Sigmund
  6936 | D:6      | Killed Sigmund
  6937 | D:6      | Reached skill level 5 in Translocations
  6964 | D:6      | Noticed Duvessa
  6975 | D:6      | Noticed Dowan
  6979 | D:6      | Killed Duvessa
  6983 | D:6      | Killed Dowan
  6984 | D:6      | Reached skill level 8 in Spellcasting
  7242 | D:6      | Learned a level 2 spell: Blink
  7508 | D:6      | Found a shimmering altar of Xom.
  7610 | D:6      | Noticed Prince Ribbit
  7623 | D:6      | Killed Prince Ribbit
  7624 | D:6      | Reached XP level 9. HP: 39/48 MP: 15/23
  8307 | D:6      | Reached * piety under Vehumet
  8307 | D:6      | Offered knowledge of Sandblast by Vehumet.
  8530 | D:7      | Reached skill level 9 in Spellcasting
  8713 | D:7      | Reached skill level 5 in Dodging
  8905 | D:7      | Found Jyz Vieqa's Magic Scroll Emporium.
  8910 | D:7      | Bought a scroll of teleportation for 36 gold pieces
  8910 | D:7      | Bought a scroll of magic mapping for 90 gold pieces
  9038 | D:7      | Found a white marble altar of Elyvilon.
  9253 | D:7      | Gained mutation: You are strong-willed. (Will+) [potion of
                  | mutation]
  9453 | D:8      | Found a sand-covered staircase.
  9458 | Ossuary  | Entered an ossuary
 10306 | Ossuary  | Reached skill level 10 in Spellcasting
 10479 | D:8      | Reached ** piety under Vehumet
 10479 | D:8      | Offered knowledge of Freeze by Vehumet.
 10684 | D:8      | Learned a level 2 spell: Cigotuvi's Dreadful Rot
 10781 | D:8      | Found Xyuzxa's Book Shoppe.
 10792 | D:8      | Reached XP level 10. HP: 49/49 MP: 26/26
 10952 | D:8      | Reached skill level 1 in Necromancy
 11104 | D:8      | Found Paunyrph's Hydra Hut.
 11108 | D:8      | Noticed a four-headed hydra
 11118 | D:8      | Found a hazy altar of Hepliaklqana.
 11176 | D:8      | Found a sparkling altar of Nemelex Xobeh.
 11177 | D:8      | Noticed Joseph
 11196 | D:8      | Killed Joseph
 11377 | D:8      | Found Moacutos's Distillery.
 11843 | D:8      | Bought a +2 hand crossbow of freezing for 219 gold pieces
 12133 | D:9      | Offered knowledge of Hailstorm by Vehumet.
 12402 | D:9      | Noticed a rust devil
 12403 | D:9      | Noticed a sixfirhy
 12404 | D:9      | Slain by a sixfirhy

Illustrated notes

Levels and vault maps discovered:
D:1:      minmay_arrival_plants_in_alcoves, layout_basic, minivault_23
D:2:      layout_rooms, minmay_pentomino_o2
D:3:      layout_loops_cross, nicolae_overflow_hidden_temple
D:4:      layout_layer_cave, mainiacjoe_overflow_brackets, serial_shops,
          nicolae_shop_behind_doors, hangedman_abyss_or_decor_jellyfish_corner,
          amcnicky_mini_corridor_feature, uniq_menkaure, uniq_crazy_yiuf_cottage
D:5:      layout_basic, minmay_temple_entry_nine_rooms, uniq_grinder
D:6:      layout_loops_cross, pf_just_have_faith, minmay_misc_feat_tiny,
          uniq_sigmund, uniq_duvessa, uniq_prince_ribbit1
D:7:      hellmonk_crumbling_castle, layout_basic, elyvilon_altar_5,
          serial_shops, shop
D:8:      layout_basic, mainiacjoe_overflow_alcove_1, lemuel_crystal_altar,
          enter_ossuary_2, serial_shops, nicolae_diamond_shop,
          nicolae_square_shop, chequers_mini_garden, st_stairs_3,
          kennysheep_small_spiral, doesnt_shop_hydraphobe, uniq_joseph
D:9:      layout_irregular_city, trog_wizard, general_overflow_altar,
          tso_oasis_becter, ploomutoo_gammafunk_ghost_potion_laboratory
Temple:   hellmonk_temple_of_storms

Skill      XL: |  1  2  3  4  5  6  7  8  9 10 |
---------------+-------------------------------+-----
Spellcasting   | 4 5 6 8 10 | 10.3
Conjurations   | 5 6 8 9 |  9.4
Poison Magic   | 1 2 3 |  3.3
Air Magic      | 1 2 3 |  3.0
Translocations | 1 2 3 5 7 |  7.8
Fighting       | 1 3 |  3.2
Dodging        | 3 4 5 |  5.2
Necromancy     | 3 |  3.6
Ranged Weapons | 4 |  4.1
Stealth        | |  2.4

Action                     |  1- 3 |  4- 6 |  7- 9 | 10-12 || total
---------------------------+-------+-------+-------+-------++-------
  Melee: Dagger            |       |     5 |       |       ||     5
         Short sword       |       |     1 |       |       ||     1
         Quarterstaff      |       |       |     2 |       ||     2
         Flail             |       |       |    19 |     1 ||    20
         Punch             |       |       |     1 |       ||     1
   Fire: Hand crossbow     |       |       |       |    20 ||    20
   Cast: Magic Dart        |    71 |   109 |   167 |    27 ||   374
         Searing Ray       |       |     5 |    13 |     5 ||    23
         Poisonous Vapours |       |     2 |       |    13 ||    15
         Iskenderun's Myst |       |     4 |    70 |    22 ||    96
         Cigotuvi's Dreadf |       |       |     1 |       ||     1
  Evoke: Wand              |       |       |     1 |     1 ||     2
    Use: Scroll            |     4 |     7 |    12 |       ||    23
         Potion            |       |     2 |     1 |     1 ||     4
 Armour: Robe              |     2 |     2 |    19 |     8 ||    31
  Dodge: Dodged            |     2 |    19 |    90 |    25 ||   136

Table legend: (Time is in decaauts)
 A = Elapsed time spent in this place.
 B = Non-inter-level travel time spent in this place.
 C = Inter-level travel time spent in this place.
 D = Time resting spent in this place.
 E = Time spent auto-exploring this place.
 F = Levels seen in this place.
 G = Mean time per level.
                   A        B        C        D        E       F      G
               +--------+--------+--------+--------+--------+-----+--------+
         Total |  12431 |  12103 |    328 |   3908 |   6870 |  11 | 1130.1 |
       Dungeon |  11408 |  11090 |    318 |   3612 |   6380 |   9 | 1267.6 |
        Temple |     57 |     48 |      9 |      0 |     24 |   1 |   57.0 |
       Ossuary |    965 |    965 |      0 |    296 |    466 |   1 |  965.0 |
               +--------+--------+--------+--------+--------+-----+--------+

Top non-repeatable levels by time:
     D:4: 2081 daAuts
     D:6: 1685 daAuts
     D:5: 1621 daAuts
     D:8: 1563 daAuts
     D:3: 1325 daAuts
 Ossuary: 965 daAuts
     D:7: 916 daAuts
     D:1: 879 daAuts
     D:2: 873 daAuts
     D:9: 462 daAuts
  Temple: 57 daAuts
